 Dungeon Crawl Stone Soup version 0.31-a0-986-g5e6e4ef867 (webtiles) character file.

Game seed: 4226894045395684217

7004 lunkers the Basher (level 11, -23/94 HPs)
             Began as a Meteoran Fighter on Nov 9, 2023.
             Was a Priest of the Shining One.
             Annihilated by an orc knight
             ... wielding a +0 war axe
              (29 damage)
             ... in a bailey on Nov 10, 2023.
             The game lasted 00:09:10 (4661 turns).

lunkers the Basher (Meteoran Fighter)               Turns: 4661, Time: 00:09:11

Health: -23/94     AC: 13    Str: 19    XL:     11   Next: 53%
Magic:  0/17       EV: 13    Int:  9    God:    the Shining One [***...]
Gold:   453        SH:  5    Dex: 18    Spells: 10/10 levels left

rFire   . . .        F - +6 mace
rCold   . . .        c - +0 buckler
rNeg    + + .        p - +0 scale mail "Qirchuc" {rPois SInv}
rPois   +            n - +2 helmet
rElec   .            j - +1 cloak
rCorr   .            (no gloves)
SInv    +            (no boots)
Will    ++...        k - amulet of guardian spirit Stlth
                     g - ring of positive energy
HPRegen 0.35/turn    C - ring of willpower
MPRegen 0.15/turn

%: guardian spirit
@: about to teleport, glowing
A: sense surroundings 2, otherworldly, glowing, explore regen
a: Renounce Religion, Divine Shield, Cleansing Flame


You were in a bailey.
You worshipped the Shining One.
The Shining One was most pleased with you.
You visited 1 branch of the dungeon, and saw 10 of its levels.
You also visited: Bailey.

You collected 453 gold pieces.

Inventory:

Hand Weapons
 a - a +0 flail
 A - a +0 dire flail
 F - a +6 mace (weapon)
Armour
 c - a +0 buckler (worn)
 j - a +1 cloak (worn)
 n - a +2 helmet (worn)
 p - the +0 scale mail "Qirchuc" (worn) {rPois SInv}
   (You found it on level 4 of the Dungeon)

   rPois:     It protects you from poison SInv: It lets you see invisible.
 y - +0 swamp dragon scales
Jewellery
 g - a ring of positive energy (left hand)
 k - an amulet of guardian spirit (around neck)
 r - a ring of protection from fire
 t - an amulet of the acrobat
 v - a ring of positive energy
 C - a ring of willpower (right hand)
 D - a ring of positive energy
Wands
 o - a wand of polymorph (4)
 E - a wand of roots (2)
Scrolls
 b - a scroll of immolation {unknown}
 i - a scroll of revelation
 m - a scroll of brand weapon {unknown}
 q - 2 scrolls of enchant armour
 s - a scroll of fog {unknown}
 B - a scroll of teleportation
Potions
 d - 2 potions of might
 e - 2 potions of haste
 f - 6 potions of curing
 h - a potion of invisibility
 l - a potion of brilliance
 w - a potion of enlightenment


   Skills:
 + Level 7.9 Fighting
 - Level 14.0 Maces & Flails
 + Level 8.1 Armour
 + Level 6.8 Dodging
 - Level 3.2 Shields
 + Level 7.8 Invocations


You had 10 spell levels left.
You didn't know any spells.
Your spell library was empty.

Dungeon Overview and Level Annotations

Branches:
Dungeon (10/15) Zot: 1534  Temple (0/1) D:7            Lair (0/5) D:10
    Orc (0/2) D:10         Bailey (1/1) Zot: 506

Altars:
Ashenzari
Elyvilon
Fedhas
Gozag
Hepliaklqana
Kikubaaqudgha
Nemelex Xobeh
Qazlal
Uskayaw
Xom
Yredelemnul
The Shining One

Shops:
D:2 :   D:8 :


Innate Abilities, Weirdness & Mutations

You passively map the area around you.
You are easily found by Zot.
You glow in the dark.
You regain HP and MP as you explore.


Message History

The orc knight roars a battlecry!
The orc knight goes into a battle-frenzy!
The orc knight closely misses you.
Unknown command.
You hit the orc knight.
The orc knight is moderately wounded.
The orc knight roars a battlecry!
The orc knight goes into a battle-frenzy!
You hit the orc knight.
The orc knight is heavily wounded.
You completely miss the orc knight.
The orc knight is heavily wounded.
You block the orc knight's attack.
You barely miss the orc knight.
The orc knight is heavily wounded.
The orc knight barely misses you.
You hit the orc knight.
The orc knight is heavily wounded.
The orc knight hits you with a +0 war axe!!
You sock the orc knight!
The orc knight is heavily wounded.
You hit the orc knight but do no damage.
The orc knight is heavily wounded.
The orc knight hits you with a +0 war axe!!
* * * LOW HITPOINT WARNING * * *
The orc knight hits you with a +0 war axe!
* * * LOW HITPOINT WARNING * * *
You hit the orc knight.
The orc knight is severely wounded.
The orc knight hits you with a +0 war axe!!
* * * LOW MAGIC WARNING * * *
* * * LOW HITPOINT WARNING * * *
The orc knight hits you with a +0 war axe.
* * * LOW MAGIC WARNING * * *
* * * LOW HITPOINT WARNING * * *
As you read the scroll of teleportation, it crumbles to dust.
You feel strangely unstable.
The orc knight hits you with a +0 war axe!!
* * * LOW MAGIC WARNING * * *
You die...

~ ~ ~
#..# , ,
,,, , ~
#.8# ,,
, , 8 *
~ ~
,#..# ,
, * *~~
~~ ,##'#
, ,, , +
~ ~ #))#
* * , ~~
#..# ,
,, ,
#..# , ,
*, ~ ~ ~
#..# * 8
* ~ ~
#o@#, ,
, ~ ~~
#o## * ~
#....# ,
* ,,* ~
#....# ,
, ~ ~
###..#
,**** *
~
+...,,,,
∩ ,,, ~
~ ####S
~~ ~ ~ ≈
~ ~ ~ ~~
≈ ~~~~~~


You could see 2 orc knights.

Vanquished Creatures
  A boulder beetle (D:10)
  A gargoyle (D:10)
  Maggie (D:7)
  A komodo dragon (D:10)
  An unseen horror (D:10)
  Prince Ribbit (D:7)
  A hornet (D:9)
  2 vampires
  2 steam dragons (D:8)
  4 yaks (D:8)
  Menkaure (D:7)
  3 orc warriors
  2 ice beasts
  A sky beast (D:7)
  4 black bears
  An ogre (D:6)
  4 centaurs
  A phantom (D:7)
  2 kobold brigands
  5 bullfrogs
  A gnoll sergeant (D:7)
  A scorpion (D:6)
  11 wights
  5 killer bees
  3 howler monkeys (D:7)
  2 gnoll boudas
  2 hounds
  A jelly (D:5)
  2 orc priests
  Crazy Yiuf (D:4)
  9 orc wizards
  3 iguanas
  7 adders
  18 gnolls
  A white imp (D:6)
  3 dart slugs
  34 orcs
  2 bats
  5 endoplasms
  3 giant cockroaches
  10 goblins
  4 hobgoblins
  26 kobolds
  3 quokkas
  4 ball pythons
  3 frilled lizards (D:1)
  2 rats
205 creatures vanquished.

Notes
Turn   | Place    | Note
-------+----------+-------------------------------------------
     0 | D:1      | lunkers the Meteoran Fighter began the quest for the Orb.
     0 | D:1      | Reached XP level 1. HP: 19/19 MP: 2/2
   105 | D:1      | Reached skill level 3 in Maces & Flails
   181 | D:1      | Reached XP level 2. HP: 24/26 MP: 3/3
   235 | D:1      | Reached skill level 4 in Maces & Flails
   336 | D:1      | Reached XP level 3. HP: 31/31 MP: 4/4
   498 | D:2      | Found a faded altar of an unknown god.
   517 | D:2      | Prayed at the altar of an unknown god.
   517 | D:2      | Became a worshipper of Elyvilon the Healer
   517 | D:2      | Reached * piety under Elyvilon
   518 | D:2      | Found Kolout's Book Shop.
   539 | D:2      | Reached skill level 5 in Maces & Flails
   539 | D:2      | Reached XP level 4. HP: 35/38 MP: 5/5
   851 | D:3      | Noticed a black bear
   854 | D:3      | Killed a black bear
   855 | D:3      | Reached skill level 7 in Maces & Flails
   855 | D:3      | Reached XP level 5. HP: 42/45 MP: 6/6
   902 | D:3      | Reached XP level 6. HP: 51/51 MP: 7/7
   932 | D:3      | Reached ** piety under Elyvilon
   957 | D:4      | Noticed a centaur
   966 | D:4      | Killed a centaur
   967 | D:4      | Reached skill level 8 in Maces & Flails
  1026 | D:4      | Found a runed translucent door.
  1027 | D:4      | Noticed Crazy Yiuf
  1035 | D:4      | Killed Crazy Yiuf
  1115 | D:4      | Found a stormy altar of Qazlal.
  1155 | D:4      | Reached XP level 7. HP: 32/57 MP: 3/8
  1210 | D:4      | Identified the +0 scale mail "Qirchuc" {rPois SInv}
  1266 | D:5      | Entered Level 5 of the Dungeon
  1266 | D:5      | Found a hide-covered altar of Uskayaw.
  1326 | D:5      | Reached skill level 9 in Maces & Flails
  1516 | D:5      | Reached skill level 1 in Dodging
  1572 | D:5      | Reached *** piety under Elyvilon
  1621 | D:5      | Reached XP level 8. HP: 8/66 MP: 2/9
  1623 | D:5      | Reached skill level 10 in Maces & Flails
  1664 | D:5      | Found a broken altar of Ashenzari.
  1675 | D:5      | Found a glowing golden altar of the Shining One.
  1681 | D:5      | Fell from the grace of Elyvilon
  1681 | D:5      | Became a worshipper of the Shining One
  1681 | D:5      | Reached * piety under the Shining One
  1691 | D:5      | Found a basalt altar of Yredelemnul.
  1845 | D:6      | Reached skill level 1 in Invocations
  1883 | D:6      | Found an ancient bone altar of Kikubaaqudgha.
  1916 | D:6      | Found a hazy altar of Hepliaklqana.
  2019 | D:6      | Found a blossoming altar of Fedhas.
  2177 | D:6      | Gained mutation: You passively map the area around you.
                  | [Meteoran growth]
  2177 | D:6      | Reached XP level 9. HP: 70/72 MP: 11/11
  2213 | D:7      | Found a staircase to the Ecumenical Temple.
  2216 | D:7      | Reached ** piety under the Shining One
  2231 | D:7      | Reached skill level 11 in Maces & Flails
  2275 | D:7      | Noticed Prince Ribbit
  2285 | D:7      | Killed Prince Ribbit
  2286 | D:7      | Reached skill level 5 in Fighting
  2286 | D:7      | Reached skill level 5 in Armour
  2417 | D:7      | Noticed Maggie
  2436 | D:7      | Killed Maggie
  2470 | D:7      | Noticed Menkaure
  2477 | D:7      | Killed Menkaure
  2478 | D:7      | Reached skill level 12 in Maces & Flails
  2528 | D:7      | Reached XP level 10. HP: 81/83 MP: 12/14
  2633 | D:7      | Reached skill level 5 in Invocations
  2794 | D:8      | Reached skill level 5 in Dodging
  2804 | D:8      | Reached skill level 13 in Maces & Flails
  3321 | D:8      | Found Ragu's Book Boutique.
  3589 | D:8      | Found a sparkling altar of Nemelex Xobeh.
  3691 | D:9      | Found a shimmering altar of Xom.
  3852 | D:9      | Found an opulent altar of Gozag.
  4011 | D:9      | Reached XP level 11. HP: 84/91 MP: 14/16
  4053 | D:9      | Reached *** piety under the Shining One
  4118 | D:10     | Entered Level 10 of the Dungeon
  4131 | D:10     | Noticed a boulder beetle
  4176 | D:10     | Killed a boulder beetle
  4177 | D:10     | Reached skill level 14 in Maces & Flails
  4245 | D:10     | Found a staircase to the Orcish Mines.
  4323 | D:10     | Found a staircase to the Lair.
  4539 | D:10     | Found a flagged portal.
  4553 | Bailey   | Entered a bailey
  4642 | Bailey   | Noticed an orc knight
  4650 | Bailey   | Noticed an orc knight
  4661 | Bailey   | Annihilated by an orc knight

Illustrated notes

Levels and vault maps discovered:
D:1:      dpeg_arrival_rhombi, layout_basic, minmay_misc_feat_five,
          nrook_loot_triangle
D:2:      layout_basic, serial_shops, shop, ebering_ecumenical_altar_mist,
          interstate_on_off, guppyfry_early_lair_pool
D:3:      layout_basic
D:4:      layout_basic, mainiacjoe_overflow_chevrons, uniq_natasha,
          uniq_crazy_yiuf_cottage, uniq_sigmund
D:5:      kennysheep_kobold_camp, layout_loops_ring,
          nicolae_overflow_macrodata_refinement
D:6:      layout_loops_corners, lemuel_doored_altar, old_standard_altar,
          grunt_dithmenos_smoke, nicolae_hepliaklqana_hazy_memory
D:7:      layout_cave_pools, minmay_temple_entry_gardened_gates,
          hangedman_decor_opposing, kennysheep_dice, uniq_menkaure,
          uniq_prince_ribbit1, uniq_maggie
D:8:      layout_loops_corners, nemelex_spade_bored_becter, serial_shops,
          nicolae_shop_trees
D:9:      layout_loops_ring, lemuel_crystal_altar, grunt_gozag_statues
D:10:     layout_gridville, lair_entry_dummy, orc_0_dummy, enter_bailey_3
Bailey:   bailey_axe_of_yendor_kennysheep, bailey

Skill      XL: |  1  2  3  4  5  6  7  8  9 10 11 |
---------------+----------------------------------+-----
Maces & Flails | 3 4 5 7 8 9 10 12 13 14 | 14.0
Dodging        | 1 2 4 5 6 |  6.8
Fighting       | 4 5 6 7 |  7.9
Armour         | 4 5 6 8 |  8.1
Invocations    | 2 4 6 7 |  7.8
Shields        | |  3.2

Action                     |  1- 3 |  4- 6 |  7- 9 | 10-12 || total
---------------------------+-------+-------+-------+-------++-------
  Melee: Flail             |    72 |    67 |   299 |    73 ||   511
         Dire flail        |       |       |       |   145 ||   145
         Mace              |       |       |       |   147 ||   147
 Invoke: Divine Shield     |       |       |       |     2 ||     2
  Evoke: Wand              |       |       |       |     2 ||     2
    Use: Scroll            |       |     1 |       |    13 ||    14
 Armour: Scale mail        |    40 |    55 |   249 |   227 ||   571
  Dodge: Dodged            |    25 |    44 |   116 |   170 ||   355
  Block: Buckler           |    11 |    26 |    62 |    52 ||   151
         Other             |       |       |       |     2 ||     2

Table legend: (Time is in decaauts)
 A = Elapsed time spent in this place.
 B = Non-inter-level travel time spent in this place.
 C = Inter-level travel time spent in this place.
 D = Time resting spent in this place.
 E = Time spent auto-exploring this place.
 F = Levels seen in this place.
 G = Mean time per level.
                   A        B        C        D        E       F      G
               +--------+--------+--------+--------+--------+-----+--------+
         Total |   4559 |   4362 |    197 |      0 |   2933 |  11 |  414.5 |
       Dungeon |   4466 |   4269 |    197 |      0 |   2896 |  10 |  446.6 |
        Bailey |     93 |     93 |      0 |      0 |     37 |   1 |   93.0 |
               +--------+--------+--------+--------+--------+-----+--------+

Top non-repeatable levels by time:
     D:8: 820 daAuts
     D:7: 527 daAuts
     D:5: 507 daAuts
     D:9: 475 daAuts
     D:1: 469 daAuts
     D:6: 429 daAuts
    D:10: 415 daAuts
     D:2: 327 daAuts
     D:4: 317 daAuts
     D:3: 175 daAuts
  Bailey: 93 daAuts
